[Event "*** SCC Grand Prix: Titled Tuesday Blitz"]
[Site "Chess.com"]
[Date "2020.10.13"]
[Round "6"]
[White "Sven_Tica"]
[Black "LiamVrolijk"]
[Result "0-1"]
[WhiteElo "2654"]
[BlackElo "2843"]
[TimeControl "180+1"]
[EndTime "11:07:08 PDT"]
[Termination "LiamVrolijk won on time"]

1. d4 Nf6 2. c4 e6 3. g3 d5 4. Bg2 Be7 5. Nf3 O-O 6. O-O dxc4 7.
Ne5 Nc6 8. Nxc6 bxc6 9. Na3 Bxa3 10. bxa3 Ba6 11. Qd2 Rb8 12. Qa5 Qc8 13. a4 Rd8 14. Ba3 Rxd4 15. Bc5 Rd5 16. Bxd5 cxd5 17. Bxa7 Ra8 18.
Bd4 Nd7 19. Bc5 h5 20. Rfc1 h4 21. h3 hxg3 22. fxg3 e5 23. Kh2 d4 24. Rab1 c3 25.
Qb4 Bxe2 26. Bxd4 exd4 27. Qxd4 c5 28. Qe3 Bc4 29. Rxc3 Bxa2 30. Ra1 Be6 31. a5 c4 32. Rca3 Qa6 33. Qd4 Rb8 34. Re1 Rb5 35. Qc3 Nf6 36.
Re5 Nd5 37. Qd4 c3 38. Ra2 Rxa5 39. Rxa5 Qxa5 40. Rg5 Qa2+ 41. Kg1 f6 42. Qe4 Bf7 43.
Rg4 c2 0-1

[Event "*** SCC Grand Prix: Titled Tuesday Blitz"]
[Site "Chess.com"]
[Date "2020.10.13"]
[Round "6"]
[White "albi1999"]
[Black "crescentmoon2411"]
[Result "0-1"]
[WhiteElo "2616"]
[BlackElo "2807"]
[TimeControl "180+1"]
[EndTime "11:07:08 PDT"]
[Termination "crescentmoon2411 won on time"]

1. d4 Nf6 2. c4 c5 3. d5 e6 4. Nc3 exd5 5. cxd5 d6 6. e4 g6 7. h3 Bg7 8. Nf3 O-O 9. Bd3 a6 10. a4 Re8 11. O-O c4 12. Bc2 Nbd7 13. Bf4 Nc5 14. Re1 Rb8 15. Bh2 b5 16. axb5 axb5 17. e5 dxe5 18.
Nxe5 Bb7 19. Nc6 Bxc6 20. dxc6 Qxd1 21. Rexd1 Rbc8 22. Nxb5 Rxc6 23. Nd6 Re2 24. Ra8+ Bf8 25. Bb1 Nd3 26. Nxc4 Nxf2 27. Rc1 N2e4 28. b3 Kg7 29. Bxe4 Nxe4 30. Kh1 Nf2+ 31. Kg1 Bc5 32. Kf1 Ree6 33. b4 Bd4 34. b5 Rc5 35. b6 Nd3 36. Rb1 Rf5+ 0-1

[Event "*** SCC Grand Prix: Titled Tuesday Blitz"]
[Site "Chess.com"]
[Date "2020.10.13"]
[Round "6"]
[White "Rodalquilar"]
[Black "SilviusTiberius"]
[Result "1-0"]
[WhiteElo "2763"]
[BlackElo "2590"]
[TimeControl "180+1"]
[EndTime "11:07:08 PDT"]
[Termination "Rodalquilar won on time"]

1. d4 Nf6 2. Bf4 g6 3. e3 Bg7 4. Nf3 d6 5. Be2 Nh5 6. Bg5 h6 7. Bh4 c5 8. c3 g5 9. Nfd2 cxd4 10. cxd4 Nf4 11. Bg3 Nxg2+ 12. Kf1 Nh4 13. Bxh4 gxh4 14. Bg4 Nc6 15. Nc3 h5 16. Bxh5 Bh3+ 17. Ke1 e5 18. d5 Ne7 19. Bxf7+ Kxf7 20. Qf3+ Bf5 21. e4 Qb6 22.
exf5 Qxb2 23. Rb1 Qc2 24. f6 Bxf6 25. Nce4 Rh6 26. Rxb7 Rd8 27. Ke2 Qxa2 28. Rc1 Qa6+ 29. Nc4 Kf8 30. Nxf6 Qxb7 31. Ng4+ Kg7 32. Nxh6 Kxh6 33.
Qf6+ 1-0

[Event "*** SCC Grand Prix: Titled Tuesday Blitz"]
[Site "Chess.com"]
[Date "2020.10.13"]
[Round "6"]
[White "MisiekZielony"]
[Black "Ural_bogatyr"]
[Result "0-1"]
[WhiteElo "2243"]
[BlackElo "2410"]
[TimeControl "180+1"]
[EndTime "11:07:08 PDT"]
[Termination "Ural_bogatyr won on time"]

1. c4 Nf6 2. Nc3 e6 3. e4 d5 4.
cxd5 exd5 5. e5 Ne4 6. Nf3 Nc6 7. d3 Nxc3 8. bxc3 d4 9. Bb2 Bc5 10. Be2 O-O 11. O-O dxc3 12. Bxc3 Nd4 13. Rc1 c6 14.
Kh1 Nxe2 15. Qxe2 Qd5 16. d4 Bb6 17. h3 Be6 18. Rc2 Rad8 19. Bb4 Rfe8 20. Bd6 Bf5 21. Qc4 Bxc2 22. Qxc2 Re6 23. Rd1 h6 24. Rd3 Qe4 25. Qd1 Rg6 26. Re3 Qf5 27. Kh2 Qf4+ 28. g3 Qf5 29. Qe2 Re6 30. Nh4 Qb1 31. Qd2 Qa1 32. Rd3 Qf1 33. Nf5 Qb1 0-1

[Event "*** SCC Grand Prix: Titled Tuesday Blitz"]
[Site "Chess.com"]
[Date "2020.10.13"]
[Round "6"]
[White "Sankalp_Gupta2003"]
[Black "bazar-wokzal"]
[Result "1-0"]
[WhiteElo "2735"]
[BlackElo "2511"]
[TimeControl "180+1"]
[EndTime "11:07:09 PDT"]
[Termination "Sankalp_Gupta2003 won by resignation"]

1. e4 Nc6 2. Nf3 d5 3. exd5 Qxd5 4. Be2 Bg4 5. h3 Bxf3 6. Bxf3 Qe5+ 7. Qe2 Qxe2+ 8. Bxe2 O-O-O 9. d3 Nf6 10. Nc3 e5 11. Bd2 Nd4 12. O-O-O Nxe2+ 13. Nxe2 Bc5 14. Be3 Bb6 15.
Bxb6 axb6 16. Ng3 Nd5 17. Rde1 Rhe8 18. Nf5 g6 19. Ne3 f5 20. Nc4 e4 21. dxe4 fxe4 22. g3 b5 23. Ne3 Nf6 24. Re2 Rd6 25. Rhe1 h5 26. c3 Red8 27. h4 c5 28. Ng2 Ng4 29.
Nf4 b4 30. cxb4 cxb4 31. Kc2 Ra6 32. Kb3 Kb8 33. Rc1 Rd4 34. Rc4 Rxc4 35. Kxc4 Rxa2 36.
Nxg6 Ra1 37. Nf4 Nf6 38. Kxb4 Rc1 39. Kb3 Rf1 40. Kc3 Kc7 41. Kd4 Kd6 42. Rd2 Rb1 43.
Ne2 Rf1 44. Nc3 Re1 45. b4 Ke6 46. b5 Kf5 47. Nd5 Kg4 48. Nxf6+ 1-0

[Event "*** SCC Grand Prix: Titled Tuesday Blitz"]
[Site "Chess.com"]
[Date "2020.10.13"]
[Round "6"]
[White "Maksimus1998"]
[Black "ama18"]
[Result "1-0"]
[WhiteElo "2617"]
[BlackElo "2468"]
[TimeControl "180+1"]
[EndTime "11:07:09 PDT"]
[Termination "Maksimus1998 won by resignation"]

1. e4 c5 2. Nf3 d6 3. d4 cxd4 4. Nxd4 Nf6 5. Nc3 a6 6. Bc4 e6 7. Be3 b5 8. Bb3 Bb7 9. f3 Nbd7 10. Qd2 Nc5 11. g4 Be7 12. O-O-O O-O 13. h4 b4 14.
Nce2 a5 15. h5 d5 16. g5 Nfd7 17. exd5 exd5 18. Nf5 Nxb3+ 19. cxb3 a4 20. bxa4 Rxa4 21. Kb1 b3 22. axb3 Ra6 23. Qd4 f6 24. Rhg1 Bc5 25. Qd2 Bxe3 26. Qxe3 Re8 27. Qd2 Nc5 28. gxf6 Qxf6 29.
Nxg7 Kf8 30. Qd4 Ra1+ 31. Kxa1 Nxb3+ 32. Kb1 Nxd4 33. Nxd4 Re3 34. Ngf5 Re5 35. Ng7 Ba6 36. f4 Re4 37. f5 Bc8 38. Nge6+ Bxe6 39. Nxe6+ Rxe6 40. fxe6 Qxe6 41. Rdf1+ Ke7 42. Re1 Kd6 43. Rxe6+ Kxe6 44. Rg7 1-0

[Event "*** SCC Grand Prix: Titled Tuesday Blitz"]
[Site "Chess.com"]
[Date "2020.10.13"]
[Round "6"]
[White "bait_or_mate"]
[Black "karenzadita"]
[Result "1-0"]
[WhiteElo "2517"]
[BlackElo "2331"]
[TimeControl "180+1"]
[EndTime "11:07:09 PDT"]
[Termination "bait_or_mate won by resignation"]

1. d4 Nf6 2. c4 e6 3. Nf3 d5 4. g3 Nbd7 5. Bg2 dxc4 6. O-O c6 7. Nfd2 Nb6 8. e3 Nfd5 9. Qe2 Be7 10. Nxc4 Nxc4 11. Qxc4 O-O 12. Nc3 a5 13. Rd1 Nb4 14. e4 b5 15. Qe2 Bb7 16. Bf4 Qb6 17. Rac1 Rfd8 18. Be3 Ba6 19. a3 c5 20. dxc5 Bxc5 21. Bxc5 Qxc5 22. Rxd8+ Rxd8 23. axb4 Qxb4 24. h4 Qb3 25.
Qc2 Qb4 26. Bf1 h6 27. Na2 Qd4 28. Nc3 Qe5 29. Rd1 Rc8 30. Qd2 Kh7 31. Qd6 Qxd6 32. Rxd6 b4 33. Rxa6 bxc3 34. bxc3 Rxc3 35. Rxa5 Rc1 36.
Kg2 Kg6 37. Bd3 Kf6 38. e5+ Ke7 39. Ra7+ Ke8 40. Bb5+ Kf8 41. Ra8+ 1-0

[Event "*** SCC Grand Prix: Titled Tuesday Blitz"]
[Site "Chess.com"]
[Date "2020.10.13"]
[Round "6"]
[White "shriyanasmallya"]
[Black "NiranjanNavalgund"]
[Result "0-1"]
[WhiteElo "1630"]
[BlackElo "2445"]
[TimeControl "180+1"]
[EndTime "11:07:09 PDT"]
[Termination "NiranjanNavalgund won by resignation"]

1. e4 e5 2. Nf3 Nc6 3. d4 exd4 4.
Nxd4 Bc5 5. Be3 Qf6 6. c3 Nge7 7. Bb5 Bb6 8. O-O O-O 9. Qd2 d5 10. Bg5 Qd6 11. Bf4 Qd8 12. Nxc6 bxc6 13. Bd3 Ng6 14.
Be3 Ne5 15. exd5 cxd5 16. Bd4 Nxd3 17. Qxd3 c5 18. Be5 f6 19. Bg3 a5 20. Na3 Ba6 21.
c4 dxc4 22. Qc3 Qd4 23. Rad1 Qxc3 24. bxc3 Rad8 25. Nc2 Rd3 26. Rxd3 cxd3 27. Ne3 c4 28. Rd1 Re8 29. Nd5 Bd8 30. Kf1 Re2 31. a3 Ra2 32.
Bd6 Bb7 33. Ne3 Ba6 34. Rb1 Kf7 35. g3 Ke6 36. Bb8 Rxa3 37. f4 Rb3 38. f5+ Kd7 39. Re1 Rxb8 40. Nd5 a4 41. Nb4 Rxb4 42. cxb4 c3 43.
Ra1 d2+ 44. Kf2 c2 45. Ke3 d1=Q 46. Rxd1+ cxd1=Q 47. Ke4 Bb6 0-1

[Event "*** SCC Grand Prix: Titled Tuesday Blitz"]
[Site "Chess.com"]
[Date "2020.10.13"]
[Round "6"]
[White "A-S-00"]
[Black "mjray79"]
[Result "0-1"]
[WhiteElo "2264"]
[BlackElo "2426"]
[TimeControl "180+1"]
[EndTime "11:07:09 PDT"]
[Termination "mjray79 won by resignation"]

1. e4 e5 2. Nf3 Nc6 3. Bb5 a6 4. Ba4 Nf6 5. O-O Be7 6. c3 Nxe4 7.
Re1 Nd6 8. Nxe5 Nxe5 9. Rxe5 O-O 10.
d4 Bf6 11. Re1 b5 12. Bc2 g6 13. Nd2 Bb7 14. Nf1 Re8 15. Ne3 Nc4 16. b3 Nxe3 17. Bxe3 d6 18. c4 c5 19. Qd2 Qb6 20. dxc5 dxc5 21. Rad1 Rad8 22. Qe2 Qc6 23. Qg4 h5 24. Qh3 Bc8 25. Qg3 Rxd1 26. Rxd1 Be5 27. f4 Bg7 28. Rd5 Bb7 29. Bxc5 Qc8 30. Rg5 Qe6 31. f5 Qe2 32.
fxg6 f6 33. Rxh5 Qxc2 34. h3 Qd1+ 35. Kh2 Qxh5 36. Qc7 Qe5+ 37. Qxe5 Rxe5 0-1

[Event "*** SCC Grand Prix: Titled Tuesday Blitz"]
[Site "Chess.com"]
[Date "2020.10.13"]
[Round "6"]
[White "parintele_chess"]
[Black "PetrolulSah"]
[Result "1-0"]
[WhiteElo "2137"]
[BlackElo "2147"]
[TimeControl "180+1"]
[EndTime "11:07:09 PDT"]
[Termination "parintele_chess won on time"]

1. d4 Nf6 2. c4 c6 3. Nc3 d5 4. e3 Bf5 5. Bd3 Bxd3 6. Qxd3 e6 7.
Nf3 Nbd7 8. O-O Bb4 9. a3 Ba5 10. b4 Bc7 11. e4 dxe4 12. Nxe4 Nxe4 13. Qxe4 Nf6 14. Qh4 Qd6 15. Bg5 Nd7 16. Rad1 f6 17. Be3 b5 18. cxb5 cxb5 19. Qe4 O-O 20. d5 e5 21. Rc1 Bb6 22. Rc6 Qe7 23. Bxb6 Nxb6 24.
Re6 Qf7 25. Rc1 Rad8 26. Rec6 Qxd5 27. Qxd5+ Rxd5 28. Rc7 Rf7 29. h3 Rxc7 30. Rxc7 Rd7 31. Rc5 a6 32. Rc6 Nc4 33. Rxa6 Rd1+ 34. Kh2 Ra1 35.
Ra8+ Kf7 36. Ra7+ Kg6 37. Nh4+ Kg5 38. g3 1-0

[Event "*** SCC Grand Prix: Titled Tuesday Blitz"]
[Site "Chess.com"]
[Date "2020.10.13"]
[Round "6"]
[White "iwanyu"]
[Black "PSvidler"]
[Result "1/2-1/2"]
[WhiteElo "2817"]
[BlackElo "2905"]
[TimeControl "180+1"]
[EndTime "11:07:10 PDT"]
[Termination "Game drawn by agreement"]

1. e4 c5 2. Nf3 e6 3. d4 cxd4 4.
Nxd4 Nc6 5. Nc3 a6 6. Qd3 Nf6 7.
Be2 d6 8. Nxc6 bxc6 9. Qg3 d5 10.
e5 Nd7 11. O-O Qc7 12. f4 g6 13. Na4 c5 14. c4 Bb7 15. b3 Be7 16. cxd5 Bxd5 17. Be3 O-O 18. Rad1 Rfd8 19. Bd3 Bc6 20. Nb2 Nb6 21. f5 exf5 22. Bxf5 Rxd1 23. Rxd1 Nd5 24. Bd2 Rd8 25. Nc4 Nb6 26. Nxb6 Qxb6 27. e6 c4+ 28. Kh1 Be8 29. Bg4 cxb3 30. axb3 Qd4 31.
Be1 Qe4 32. Rxd8 Bxd8 33. exf7+ Bxf7 34. h3 Bf6 35. Bf3 Qe3 36. Bd1 Qxg3 37. Bxg3 Kg7 38. Bf2 Bd5 39. Be2 Bxb3 40. Bxa6 Bd5 41. Be2 1/2-1/2

[Event "*** SCC Grand Prix: Titled Tuesday Blitz"]
[Site "Chess.com"]
[Date "2020.10.13"]
[Round "6"]
[White "Semen16"]
[Black "MariaFominykh"]
[Result "1-0"]
[WhiteElo "2466"]
[BlackElo "2307"]
[TimeControl "180+1"]
[EndTime "11:07:10 PDT"]
[Termination "Semen16 won on time"]

1. e4 d6 2. d4 Nf6 3. Nc3 e5 4.
Nf3 Nbd7 5. Be3 Be7 6. h3 c6 7. a4 O-O 8. Be2 a5 9. O-O Re8 10.
dxe5 dxe5 11. Bd3 Qc7 12. Nb1 Bc5 13. Qe2 Qb6 14. Bxc5 Nxc5 15. Nbd2 Qc7 16. Rfd1 Nh5 17. g3 Nxd3 18. cxd3 g6 19. Kg2 Qd7 20. Rh1 b5 21.
Nf1 b4 22. Ne3 Ba6 23. Nc4 Bxc4 24. dxc4 c5 25. Rhd1 Qc6 26. Rd3 Nf6 27. Rad1 Nxe4 28. Rd5 f5 29. Kh2 Qxa4 30. Nxe5 Nf6 31. Rd6 Ne4 32. Rd7 Nf6 33. Rc7 Re6 34. f4 Rae8 35. Qf2 Ne4 36. Qe2 Qb3 37. Rd3 Qa2 38. Rdd7 Nf6 39. Rg7+ Kh8 40. Qf2 1-0

[Event "*** SCC Grand Prix: Titled Tuesday Blitz"]
[Site "Chess.com"]
[Date "2020.10.13"]
[Round "6"]
[White "DrMamaliga"]
[Black "PotapovaM"]
[Result "0-1"]
[WhiteElo "2359"]
[BlackElo "2533"]
[TimeControl "180+1"]
[EndTime "11:07:11 PDT"]
[Termination "PotapovaM won by resignation"]

1. e4 c5 2. Nf3 d6 3. Bb5+ Nd7 4.
d4 cxd4 5. Qxd4 a6 6. Bxd7+ Bxd7 7. Nc3 e5 8. Qd3 h6 9. O-O Nf6 10. Rd1 Qc7 11. a4 Be7 12. Nd2 Be6 13. Nf1 O-O 14. Ne3 Rac8 15. a5 Rfd8 16. Bd2 Bc4 17. Nxc4 Qxc4 18.
Qxc4 Rxc4 19. f3 d5 20. exd5 Nxd5 21. Nxd5 Rxd5 22. Bc3 Rb5 23. Rd7 Bb4 24. Bxb4 Rbxb4 25. Re1 Rxc2 26. Rxe5 Rbxb2 27. h3 Rxg2+ 28. Kf1 Rh2 29. Kg1 Rhg2+ 30. Kf1 Rgf2+ 31. Kg1 Rxf3 32. Re8+ Kh7 33.
Rb8 Rc3 34. Rxf7 Rc1+ 35. Rf1 Rxf1+ 36. Kxf1 Kg6 37. Rd8 Kh5 38. Rd7 g5 39. Rd4 Rb5 40. Ra4 Kg6 41. Kg2 h5 42. Kg3 Rb3+ 43. Kg2 Kf5 44. Rc4 Rb5 45. Ra4 g4 46. hxg4+ hxg4 47. Kg3 Rb3+ 48. Kg2 Kg5 49. Rd4 Kh4 50. Rd7 Rb2+ 51.
Kg1 Kh3 52. Rd3+ g3 53. Rd1 Ra2 54. Rb1 Rxa5 55. Kh1 Ra2 56. Rc1 b5 57. Rb1 b4 58.
Rc1 b3 59. Rc8 Ra1+ 0-1

[Event "*** SCC Grand Prix: Titled Tuesday Blitz"]
[Site "Chess.com"]
[Date "2020.10.13"]
[Round "6"]
[White "lider34"]
[Black "kinga2008"]
[Result "1-0"]
[WhiteElo "2382"]
[BlackElo "2189"]
[TimeControl "180+1"]
[EndTime "11:07:11 PDT"]
[Termination "lider34 won by resignation"]

1. e4 c5 2. c3 d5 3. exd5 Qxd5 4. d4 cxd4 5. cxd4 Nc6 6. Nf3 Bg4 7. Nc3 Qh5 8. d5 Nb8 9. Qb3 b6 10. Nd4 Qe5+ 11.
Be3 Nf6 12. h3 Bd7 13. Bc4 g6 14. O-O Bg7 15. Rfe1 O-O 16. Rad1 a5 17. Qxb6 Qh5 18. Qb7 Bxh3 19. Qxa8 Nbd7 20. Qb7 Nc5 21. Qxe7 Ng4 22.
Nf3 Bf6 23. Qxc5 Ne5 24. Nxe5 Bxe5 25. Be2 Bg4 26. Bxg4 Qh2+ 27. Kf1 Rb8 28. Nb5 Qh1+ 29. Ke2 Qh4 30. Bf3 Qa4 31. Bd4 Rxb5 32. Qc8+ Kg7 33. Bxe5+ f6 34. Qd7+ Kh6 35. Rh1+ Kg5 36. Qg4+ Qxg4 37.
Bxg4 1-0

[Event "*** SCC Grand Prix: Titled Tuesday Blitz"]
[Site "Chess.com"]
[Date "2020.10.13"]
[Round "6"]
[White "VladimirBugayev"]
[Black "Savagelittlemole"]
[Result "0-1"]
[WhiteElo "2351"]
[BlackElo "2581"]
[TimeControl "180+1"]
[EndTime "11:07:12 PDT"]
[Termination "Savagelittlemole won on time"]

1. e4 c5 2. a3 g6 3. h4 Bg7 4. h5 d6 5. Nc3 Nc6 6. Bc4 e6 7.
d3 Nge7 8. h6 Bf6 9. g4 d5 10.
Bb5 a6 11. Bxc6+ Nxc6 12. Nf3 b5 13. g5 Be7 14. e5 Bb7 15. Ne2 Qc7 16. Bf4 d4 17. Ng3 Na5 18. O-O O-O 19. Qe2 Rad8 20. Ne4 Bxe4 21. Qxe4 Nc6 22. Nh2 c4 23. Ng4 Qd7 24. a4 Qd5 25. Qxd5 Rxd5 26. axb5 axb5 27. Ra6 Rc8 28. Rfa1 Rdd8 29. Rb6 Nb4 30. Rxb5 Nd5 31. Bg3 Bxg5 32. Ra7 cxd3 33. cxd3 Ra8 34. Rbb7 Rxa7 35. Rxa7 Rb8 36. Nf6+ Bxf6 37. exf6 Rc8 38. Be5 Nb4 39. Bxd4 Nxd3 0-1

[Event "*** SCC Grand Prix: Titled Tuesday Blitz"]
[Site "Chess.com"]
[Date "2020.10.13"]
[Round "6"]
[White "Ave_Mariia"]
[Black "Mazetovic"]
[Result "1-0"]
[WhiteElo "2508"]
[BlackElo "2624"]
[TimeControl "180+1"]
[EndTime "11:07:13 PDT"]
[Termination "Ave_Mariia won by resignation"]

1. d4 Nf6 2. c4 g6 3. Nc3 Bg7 4. e4 d6 5. Be2 O-O 6. Be3 Na6 7. Nf3 e5 8. O-O c6 9. Re1 Qe8 10. Bf1 Ng4 11. Bg5 exd4 12. Nxd4 Nxh2 13. e5 Nxf1 14. exd6 Qd7 15. Be7 Re8 16. Ne4 Rxe7 17. dxe7 Qxe7 18. Kxf1 Bd7 19. Qd2 Rd8 20. Rad1 Bg4 21.
f3 Rxd4 22. Nf6+ Bxf6 23. Rxe7 Rxd2 24. Re8+ Kg7 25. Rxd2 Be6 26. b3 Nc5 27. Ke2 h5 28. Ke3 a5 29. Ra8 a4 30. b4 Na6 31. c5 Nxb4 32. Rxa4 Nd5+ 33. Kf2 Be7 34. Rc2 Bf6 35. Ra7 Nb4 36. Rd2 Bc3 37. Rd8 Nd5 38. Rxb7 Bd4+ 39.
Kg3 Bxc5 40. Rbb8 g5 41. a4 h4+ 42. Kh2 Bf2 43. a5 Bg3+ 44. Kg1 Bxb8 45. Rxb8 Nb4 46. Rxb4 c5 47. Rb6 c4 48. a6 c3 49. Rc6 Bd5 50. Rxc3 1-0

[Event "*** SCC Grand Prix: Titled Tuesday Blitz"]
[Site "Chess.com"]
[Date "2020.10.13"]
[Round "6"]
[White "bascheyaro"]
[Black "Mr_Sinigami"]
[Result "0-1"]
[WhiteElo "2718"]
[BlackElo "2519"]
[TimeControl "180+1"]
[EndTime "11:07:14 PDT"]
[Termination "Mr_Sinigami won on time"]

1. d4 Nf6 2. Bf4 g6 3. e3 Bg7 4.
Nf3 O-O 5. h3 d6 6. Bc4 Nfd7 7.
Nc3 h6 8. O-O e5 9. Bg3 Nc6 10.
dxe5 Ndxe5 11. Bb3 Kh7 12. Nxe5 Nxe5 13. Qe2 Nd7 14.
Rad1 Nc5 15. Qf3 Be6 16. Bd5 Rb8 17. b4 Na6 18. Ne2 Bxd5 19. Qxd5 Nxb4 20. Qb3 Na6 21.
Nf4 Nc5 22. Qa3 a6 23. Nd5 Ne4 24. Qb4 Re8 25. Bh2 f5 26. c4 Qd7 27. Rc1 Qf7 28.
Rfd1 b6 29. Qa4 a5 30. Qc6 Rbc8 31. Bf4 Nc5 32. Nc3 Bxc3 33. Rxc3 Qd7 34. Qd5 Qe6 35. Qc6 Qd7 36. Qd5 Re7 37. Rc2 Rce8 38. h4 Qc8 39. Qc6 Qb7 0-1

[Event "*** SCC Grand Prix: Titled Tuesday Blitz"]
[Site "Chess.com"]
[Date "2020.10.13"]
[Round "6"]
[White "Witik"]
[Black "blitzking1729"]
[Result "1-0"]
[WhiteElo "2742"]
[BlackElo "2542"]
[TimeControl "180+1"]
[EndTime "11:07:14 PDT"]
[Termination "Witik won by checkmate"]

1. e4 Nf6 2. e5 Nd5 3. d4 d6 4. Nf3 dxe5 5. Nxe5 g6 6. c4 Nf6 7. Nc3 Bg7 8. Be3 O-O 9. Be2 Nbd7 10. f4 c6 11. Qd2 Nb6 12. O-O-O a5 13. g4 Be6 14. f5 gxf5 15. gxf5 Bxf5 16. Rhg1 Kh8 17. h4 Qe8 18. Rxg7 Kxg7 19. Bh6+ Kh8 20.
Qg5 Bg6 21. h5 Rg8 22. hxg6 fxg6 23. Rf1 Nbd7 24. c5 a4 25. Bc4 Nxe5 26. dxe5 Nd5 27. Nxd5 cxd5 28. e6 Qb8 29. Bd3 Qh2 30. Qf4 Qxf4+ 31.
Rxf4 Rgc8 32. Rf7 Rxc5+ 33. Kd2 Rc7 34. Bg7+ Kg8 35. Be5 Rc6 36. Rxe7 h5 37. Bxg6 Raa6 38. Re8# 1-0

[Event "*** SCC Grand Prix: Titled Tuesday Blitz"]
[Site "Chess.com"]
[Date "2020.10.13"]
[Round "6"]
[White "AliKa2810"]
[Black "gmpeter008"]
[Result "1-0"]
[WhiteElo "2599"]
[BlackElo "2393"]
[TimeControl "180+1"]
[EndTime "11:07:14 PDT"]
[Termination "AliKa2810 won by resignation"]

1. d4 Nf6 2. c4 e6 3. Nf3 Bb4+ 4.
Nbd2 d5 5. Qa4+ Nc6 6. e3 O-O 7. a3 Bxd2+ 8. Bxd2 Ne7 9. Bd3 dxc4 10. Qxc4 Bd7 11.
O-O Bc6 12. Ne5 Bd5 13. Qc2 b6 14. Rac1 c5 15. dxc5 Rc8 16. b4 Ng6 17. Nxg6 hxg6 18. Rfd1 bxc5 19. bxc5 Nd7 20. Bb4 a5 21. e4 axb4 22.
exd5 Rxc5 23. Qb3 Qg5 24. Rb1 Rxd5 25. axb4 Ne5 26. Be2 Rfd8 27. Rxd5 exd5 28. b5 d4 29. b6 d3 30. b7 dxe2 31. b8=Q Rxb8 32. Qxb8+ Kh7 33.
Qb4 Nf3+ 34. Kh1 Qf5 35. gxf3 Qxb1+ 36. Qxb1 1-0

[Event "*** SCC Grand Prix: Titled Tuesday Blitz"]
[Site "Chess.com"]
[Date "2020.10.13"]
[Round "6"]
[White "louis198"]
[Black "Kaua18"]
[Result "1/2-1/2"]
[WhiteElo "2576"]
[BlackElo "2363"]
[TimeControl "180+1"]
[EndTime "11:07:14 PDT"]
[Termination "Game drawn by repetition"]

1. d4 Nf6 2. Bf4 b6 3. e3 Bb7 4. h3 e6 5. Nf3 c5 6. c3 Be7 7.
a4 a6 8. Nbd2 O-O 9. Bd3 d6 10.
O-O cxd4 11. exd4 Nbd7 12. Re1 Re8 13. Qb3 Bf8 14. Rac1 Qc7 15. Bb1 Rac8 16. c4 h6 17. Qd3 e5 18. dxe5 Nxe5 19. Nxe5 dxe5 20. Bh2 Rcd8 21.
Qc2 Bb4 22. Re2 Bxd2 23. Rxd2 Be4 24. Qd1 Rxd2 25. Qxd2 Bxb1 26. Rxb1 Qxc4 27. b4 b5 28. axb5 axb5 29. Rc1 Qd4 30. Qe1 Nd5 31. Rc5 Qxb4 32. Qxb4 Nxb4 33. Rxb5 Nd3 34. f3 f6 35. Kf1 Rc8 36.
Ke2 Nc5 37. Bg1 Ne6 38. Be3 Rc2+ 39. Kf1 Kf7 40. Rb6 Rc3 41. Kf2 Rc2+ 42. Kf1 Nf8 43. Rb4 Ne6 44. Rb6 1/2-1/2

[Event "*** SCC Grand Prix: Titled Tuesday Blitz"]
[Site "Chess.com"]
[Date "2020.10.13"]
[Round "6"]
[White "KaterynaLagno"]
[Black "AlexSuv"]
[Result "1/2-1/2"]
[WhiteElo "2704"]
[BlackElo "2537"]
[TimeControl "180+1"]
[EndTime "11:07:15 PDT"]
[Termination "Game drawn by repetition"]

1. e4 c5 2. Nf3 e6 3. d4 cxd4 4.
Nxd4 Nc6 5. Nc3 Qc7 6. Be2 a6 7. Be3 Nf6 8. O-O Bb4 9. Na4 Be7 10. Nxc6 bxc6 11. Nb6 Rb8 12. Nxc8 Qxc8 13. Bd4 O-O 14. Qd3 d5 15. exd5 cxd5 16. c4 dxc4 17. Qxc4 Qxc4 18.
Bxc4 Rfd8 19. Rfd1 a5 20. b3 Ne4 21. Ba7 Rxd1+ 22.
Rxd1 Ra8 23. Rd7 Bc5 24. Bxc5 Nxc5 25. Rc7 Ne4 26. f3 Nf6 27. Kf2 g5 28. a4 h5 29.
Ke3 Kg7 30. Kd4 Kg6 31. Kc5 g4 32. Kb5 h4 33. fxg4 Nxg4 34. h3 Ne3 35. Bd3+ f5 36.
Rc6 Kf6 37. b4 axb4 38. Kxb4 Nxg2 39. Bc4 Nf4 40. a5 Nxh3 41. Rxe6+ Kg5 42. a6 Nf4 43.
Re7 h3 44. Rh7 Kg6 45. Rh4 Kg5 46. Rh7 Kg6 47. Rh4 Kg5 48. Rh7 1/2-1/2

[Event "*** SCC Grand Prix: Titled Tuesday Blitz"]
[Site "Chess.com"]
[Date "2020.10.13"]
[Round "6"]
[White "canary2016"]
[Black "pavelalexandru07"]
[Result "0-1"]
[WhiteElo "1960"]
[BlackElo "2246"]
[TimeControl "180+1"]
[EndTime "11:07:15 PDT"]
[Termination "pavelalexandru07 won on time"]

1. d4 Nf6 2. Bf4 d5 3. e3 e6 4. Nf3 Bd6 5. Bg3 a6 6. Bd3 Ne4 7. Be5 f6 8. Bg3 Nd7 9. Nbd2 f5 10. Be5 Nxe5 11. Nxe5 Bxe5 12. dxe5 O-O 13. Nxe4 fxe4 14. Be2 Qg5 15. O-O Qxe5 16. c3 c6 17. Qb3 Qc7 18.
c4 b5 19. cxd5 exd5 20. Rac1 Be6 21. Rc5 Qd6 22. Qc2 Bd7 23. Rd1 Rae8 24. Rc3 Rf6 25. a4 Rh6 26. g3 Rf6 27. Bf1 Qe5 28. axb5 axb5 29. Ra3 Ref8 30. Rd2 h5 31. Ra7 Bg4 32.
h3 Bf3 33. Bg2 h4 34. g4 Bxg2 35. Kxg2 Re6 36. Ra6 Qf6 37. Kg1 Qf3 38. Rxc6 Qxh3 39.
Rxe6 Qxg4+ 0-1

[Event "*** SCC Grand Prix: Titled Tuesday Blitz"]
[Site "Chess.com"]
[Date "2020.10.13"]
[Round "6"]
[White "PauloCesarCosta_sad"]
[Black "C_K_G"]
[Result "0-1"]
[WhiteElo "2246"]
[BlackElo "2042"]
[TimeControl "180+1"]
[EndTime "11:07:15 PDT"]
[Termination "C_K_G won by checkmate"]

1. Nf3 c5 2. c4 d6 3. d4 cxd4 4. Nxd4 Nf6 5. g3 a6 6. Bg2 e5 7. Nc2 Be7 8. O-O O-O 9. Nc3 Nc6 10.
Ne3 Be6 11. Ned5 Re8 12. Be3 Rc8 13. Qd2 Bxd5 14. Nxd5 Nxd5 15. Bxd5 Bf6 16. Rfd1 Qd7 17. b3 h5 18. Rac1 h4 19. Kg2 e4 20. a3 Ne5 21.
h3 hxg3 22. fxg3 Ng6 23. Rf1 Re5 24. Bd4 e3 25. Qa5 Rh5 26. g4 Bxd4 27. gxh5 Nh4+ 28. Kg1 Qxh3 29. Rxf7 Kh8 30. Bxb7 Be5 31. Qxe5 dxe5 32. Rcf1 Rd8 33. Rf8+ Rxf8 34. Rxf8+ Kh7 35. Bh1 Qg3+ 36.
Kf1 Qh3+ 37. Kg1 Qg4+ 38. Kf1 Nf5 39. Ke1 Qg1# 0-1

[Event "*** SCC Grand Prix: Titled Tuesday Blitz"]
[Site "Chess.com"]
[Date "2020.10.13"]
[Round "6"]
[White "seorobert1971"]
[Black "Cocaino74"]
[Result "1-0"]
[WhiteElo "2722"]
[BlackElo "2394"]
[TimeControl "180+1"]
[EndTime "11:07:16 PDT"]
[Termination "seorobert1971 won by resignation"]

1. e4 c5 2. Nf3 Nc6 3. Bb5 g6 4. O-O Bg7 5. Re1 Nf6 6. e5 Nd5 7. Bxc6 bxc6 8. h3 O-O 9. Nc3 Rb8 10. Ne4 d6 11. exd6 exd6 12. d4 f5 13. Nc3 Nxc3 14.
bxc3 Re8 15. Bf4 Be6 16. dxc5 Bxc3 17. Bxd6 Rb7 18. Ne5 Bd5 19. Qd3 Bxa1 20. Rxa1 Qf6 21. Re1 Bxa2 22. Qa6 Rb2 23. Qxc6 Bf7 24. Qd7 Qe6 25.
Qxa7 Rxc2 26. Qa4 Rc4 27. Qa7 Re4 28. Rxe4 fxe4 29. Qc7 Qd5 30. Ng4 Qd1+ 31. Kh2 h5 32. Nh6+ Kh7 33. Nxf7 Rg8 34. Ng5+ Kh6 35. Bf4 h4 36.
Nxe4+ g5 37. Qd6+ Kh5 38. Qxd1+ 1-0

[Event "*** SCC Grand Prix: Titled Tuesday Blitz"]
[Site "Chess.com"]
[Date "2020.10.13"]
[Round "6"]
[White "doons21"]
[Black "mfwagnerpeixoto"]
[Result "1-0"]
[WhiteElo "2573"]
[BlackElo "2262"]
[TimeControl "180+1"]
[EndTime "11:07:16 PDT"]
[Termination "doons21 won on time"]

1. e4 c5 2. c3 e6 3. d4 d5 4. exd5 exd5 5. Nf3 Nc6 6. Be3 c4 7. g3 Nf6 8. Bg2 Bd6 9. O-O O-O 10. h3 b5 11. Re1 Bd7 12. Qc1 Ne4 13. Bf4 Qc7 14.
Bxd6 Qxd6 15. Nbd2 f5 16. Nf1 f4 17. g4 Rae8 18.
N3d2 Ng5 19. Nh2 Rxe1+ 20. Qxe1 h5 21. Qf1 hxg4 22. hxg4 Ne7 23. Re1 Ng6 24. Nhf3 Nxf3+ 25. Bxf3 Nh4 26. Qh3 Nxf3+ 27. Nxf3 Re8 28. Ne5 Qf6 29. Kg2 Be6 30. Rh1 Kf8 31. Qh4 Qxh4 32. Rxh4 Ke7 33. g5 Kd6 34. Rxf4 a5 35. Rh4 b4 36.
Rh7 bxc3 37. bxc3 Re7 38. g6 Bf5 39. Kg3 Rb7 40. Rh8 1-0